[Event "Romanian-ch Youth Open U8 2024"]
[Site "Eforie Nord"]
[Date "2024.04.18"]
[Round "8.3"]
[White "Dragoi, Aaron-Mathias"]
[Black "Liga, Matei"]
[Result "0-1"]
[ECO "D04"]
[WhiteElo "1533"]
[BlackElo "1504"]
[Annotator "NA RC COMBH"]
[PlyCount "98"]
[EventDate "2024.04.10"]
[EventType "swiss"]
[EventCountry "ROU"]
[SourceTitle "playchess.com"]
[Source "ChessBase"]
[SourceQuality "1"]
[TimeControl "5400+30"]

1. d4 d5 2. Nf3 Nf6 3. e3 Bf5 4. Bd3 Bg6 5. Ne5 Nbd7 6. Nxg6 hxg6 7. c3 e6 8. Qc2 c5 9. b3 Qc7 10. c4 O-O-O 11. h3 Bd6 12. Nc3 a6 13. Bd2 Kb8 14. Na4 Rc8 15. dxc5 Nxc5 16. Nxc5 Bxc5 17. b4 Ba7 18. c5 e5 19. f3 e4 20. Be2 Qg3+ 21. Kf1 exf3 22. Bxf3 Ka8 23. Be1 Qe5 24. Qc3 Qe7 25. Qd4 Rhe8 26. Bf2 Bb8 27. Re1 Be5 28. Qd3 Red8 29. g3 Ne4 30. Bxe4 dxe4 31. Qxe4 Rd2 32. Re2 Rcd8 33. Qf3 Qe6 34. Kg2 R2d5 35. Rb1 Bc7 36. Qg4 f5 37. Qf3 g5 38. g4 Qg6 39. gxf5 Rxf5 40. Qg4 Rxf2+ 41. Rxf2 Qxb1 42. Qxg5 Qxb4 43. Qe7 Rc8 44. Qd7 Kb8 45. c6 Qe4+ 46. Kf1 Qc4+ 47. Kg2 Rd8 48. Qxg7 Qxc6+ 49. Kf1 Qh1+ 0-1

[Event "Romanian-ch Youth Open U8 2024"]
[Site "Eforie Nord"]
[Date "2024.04.18"]
[Round "8.4"]
[White "Rotescu, Vladimir-Szilard"]
[Black "Rosu, Razvan-Mihai"]
[Result "0-1"]
[ECO "D00"]
[WhiteElo "1414"]
[BlackElo "1517"]
[Annotator "NA RC COMBH"]
[PlyCount "130"]
[EventDate "2024.04.10"]
[EventType "swiss"]
[EventCountry "ROU"]
[SourceTitle "playchess.com"]
[Source "ChessBase"]
[SourceQuality "1"]
[TimeControl "5400+30"]

1. d4 d5 2. Bg5 h6 3. Bh4 c6 4. Nf3 Qb6 5. b3 Bf5 6. e3 e6 7. Bd3 Bxd3 8. Qxd3 Nd7 9. O-O Be7 10. Bg3 Ngf6 11. c4 O-O 12. c5 Qd8 13. Nc3 b6 14. b4 a5 15. a3 axb4 16. axb4 b5 17. h3 Qc8 18. Nd2 Qb7 19. Nb3 Rxa1 20. Rxa1 Bd8 21. Bd6 Re8 22. Na5 Bxa5 23. Rxa5 Ra8 24. Bc7 Rxa5 25. Bxa5 e5 26. Qf5 exd4 27. exd4 Qc8 28. Qf4 Qe8 29. Kf1 Nf8 30. f3 Ne6 31. Qe3 g5 32. Ne2 Ng7 33. Qxe8+ Nfxe8 34. g4 f5 35. Ng3 f4 36. Ne2 Kf7 37. Bd8 Ne6 38. Bb6 Nf6 39. Ke1 Nf8 40. Nc1 Ke7 41. Nd3 Ne6 42. Kf2 Nxd4 43. h4 Nd7 44. Bc7 Ke6 45. hxg5 hxg5 46. Bd8 Nf6 47. Bc7 Nc2 48. Bd6 d4 49. Ke2 Nd5 50. Nf2 Ncxb4 51. Ne4 Nc3+ 52. Nxc3 dxc3 53. Kd1 Nd3 54. Kc2 Ne1+ 55. Kxc3 Nxf3 56. Kb2 Ne5 57. Bxe5 Kxe5 58. Kc2 Kd4 59. Kd2 b4 60. Kc2 f3 61. Kb2 f2 62. Kc2 f1=Q 63. Kb2 Qe2+ 64. Kb3 Kxc5 65. Ka4 Qa2# 0-1

[Event "Romanian-ch Youth Open U8 2024"]
[Site "Eforie Nord"]
[Date "2024.04.19"]
[Round "9.1"]
[White "Rosu, Razvan-Mihai"]
[Black "Vasiloi, Leonard"]
[Result "1-0"]
[ECO "A46"]
[WhiteElo "1517"]
[BlackElo "1547"]
[Annotator "NA RC COMBH"]
[PlyCount "167"]
[EventDate "2024.04.10"]
[EventType "swiss"]
[EventCountry "ROU"]
[SourceTitle "playchess.com"]
[Source "ChessBase"]
[SourceQuality "1"]
[TimeControl "5400+30"]

1. d4 Nf6 2. Nf3 e6 3. g3 b5 4. Bg2 Bb7 5. O-O c5 6. Bg5 Be7 7. dxc5 Bxc5 8. Nbd2 h6 9. Bxf6 Qxf6 10. Nb3 Bb6 11. c3 O-O 12. Nbd4 a6 13. a4 bxa4 14. Qxa4 Bc6 15. Qb4 Bc7 16. Rfd1 a5 17. Qc5 Na6 18. Qa3 Rfd8 19. Nxc6 dxc6 20. Nd4 Bd6 21. Qa2 Bc5 22. Bxc6 Bxd4 23. Rxd4 Rxd4 24. cxd4 Nb4 25. Qa4 Nxc6 26. Qxc6 Rd8 27. Rxa5 Qxd4 28. Ra8 Rxa8 29. Qxa8+ Kh7 30. Qa1 e5 31. Qb1+ g6 32. b4 Qb6 33. Qb3 Kg7 34. e3 Qb5 35. Qc3 Kf6 36. Kg2 Qd5+ 37. Kf1 Qb5+ 38. Ke1 Ke6 39. Qb3+ Ke7 40. f4 exf4 41. exf4 Kd6 42. Kf2 Qb6+ 43. Kf3 Qb7+ 44. Ke3 Qb6+ 45. Kd3 Qb5+ 46. Qc4 Qh5 47. Qd4+ Kc6 48. Qc4+ Kb6 49. Qd4+ Kc6 50. Qf6+ Kb5 51. Qe5+ Qxe5 52. fxe5 Kxb4 53. Kd4 Kb5 54. Kd5 g5 55. g4 Kb4 56. e6 fxe6+ 57. Kxe6 Kc4 58. Kf5 Kd4 59. Kg6 Ke5 60. Kxh6 Ke6 61. Kxg5 Kf7 62. Kh6 Kg8 63. Kg6 Kh8 64. Kf7 Kh7 65. g5 Kh8 66. Kf6 Kg8 67. Kg6 Kf8 68. Kh7 Ke7 69. g6 Kd6 70. g7 Kd5 71. g8=Q+ Ke5 72. Qg4 Kd5 73. Kg6 Ke5 74. Qf5+ Kd4 75. h4 Ke3 76. h5 Kd4 77. h6 Kc4 78. h7 Kb4 79. h8=R Kc4 80. Qd7 Kb3 81. Rb8+ Kc2 82. Rc8+ Kb1 83. Qb7+ Ka2 84. Ra8# 1-0

[Event "Romanian-ch Youth Open U8 2024"]
[Site "Eforie Nord"]
[Date "2024.04.19"]
[Round "9.2"]
[White "Liga, Matei"]
[Black "Badescu, Matei-Andrei"]
[Result "0-1"]
[ECO "C01"]
[WhiteElo "1504"]
[BlackElo "1635"]
[Annotator "NA RC COMBH"]
[PlyCount "118"]
[EventDate "2024.04.10"]
[EventType "swiss"]
[EventCountry "ROU"]
[SourceTitle "playchess.com"]
[Source "ChessBase"]
[SourceQuality "1"]
[TimeControl "5400+30"]

1. e4 e6 2. d4 d5 3. exd5 exd5 4. Nf3 Bg4 5. Be2 Nf6 6. Bg5 Be7 7. h3 Bh5 8. c3 O-O 9. O-O c6 10. Re1 Nbd7 11. Nbd2 Re8 12. Bd3 Nf8 13. Qc2 Bg6 14. Ne5 Bxd3 15. Nxd3 Ne6 16. Bf4 Nxf4 17. Nxf4 Bd6 18. Nd3 Qd7 19. Nf3 Qf5 20. Rac1 h6 21. Nd2 Kh8 22. Nf1 Ne4 23. Ne3 Qg5 24. Ng4 Kg8 25. Nde5 h5 26. Nf3 Qf4 27. Nge5 g5 28. Nd3 Qf5 29. c4 Kg7 30. c5 Bc7 31. Nd2 Nxf2 32. Rxe8 Rxe8 33. Nxf2 Re1+ 34. Nf1 Bh2+ 35. Kxh2 Qf4+ 36. Ng3 Rxc1 37. Qf5 Qxf5 38. Nxf5+ Kf6 39. Ne3 Re1 40. Nfd1 h4 41. g4 Re2+ 42. Kg1 Rd2 43. Kf1 Rxd4 44. Ke2 Rb4 45. Kd3 Ke5 46. Nc2 Rc4 47. b4 Kf4 48. Nde3 Re4 49. Ng2+ Kg3 50. Nce3 Kxh3 51. a3 Kg3 52. Ne1 Kf2 53. N1c2 h3 54. a4 h2 55. b5 h1=Q 56. b6 Qc1 57. bxa7 Rxe3+ 58. Nxe3 Qxe3+ 59. Kc2 Qxc5+ 0-1

[Event "Romanian-ch Youth Open U8 2024"]
[Site "Eforie Nord"]
[Date "2024.04.19"]
[Round "9.4"]
[White "Grigorescu, Stefan"]
[Black "Mihai, Adam-Alexandru"]
[Result "1-0"]
[ECO "B20"]
[WhiteElo "1546"]
[BlackElo "1533"]
[Annotator "NA RC COMBH"]
[PlyCount "53"]
[EventDate "2024.04.10"]
[EventType "swiss"]
[EventCountry "ROU"]
[SourceTitle "playchess.com"]
[Source "ChessBase"]
[SourceQuality "1"]
[TimeControl "5400+30"]

1. e4 c5 2. b4 cxb4 3. a3 bxa3 4. Nxa3 e6 5. d4 Bb4+ 6. Bd2 Bxd2+ 7. Qxd2 Nf6 8. Bd3 b6 9. Nf3 Bb7 10. Qe3 d5 11. e5 Nfd7 12. Nb5 O-O 13. O-O Nc6 14. Nd6 Qc7 15. Ng5 h6 16. Qh3 Nxd4 17. c3 Nc6 18. Nxe6 fxe6 19. Qxe6+ Kh8 20. Qg6 Nf6 21. exf6 gxf6 22. Qxh6+ Kg8 23. Qg6+ Kh8 24. Ra4 Qg7 25. Qh5+ Kg8 26. Rg4 Qxg4 27. Qh7# 1-0